 Dungeon Crawl Stone Soup version 0.20-a0-1122-gb7cbeb9 (webtiles) character file.

16464 mopl the Basher (level 12, -18/96 HPs)
             Began as a Gnoll Berserker on May 13, 2017.
             Was a High Priest of Trog.
             Killed from afar by an ice statue (30 damage)
             ... with a shard of ice
             ... in an ice cave.
             The game lasted 00:27:50 (12273 turns).

mopl the Basher (Gnoll Berserker)                  Turns: 12273, Time: 00:27:51

Health: -18/96     AC: 19    Str: 18    XL:     12   Next: 37%
Magic:  6/6        EV: 14    Int:  8    God:    Trog [*****.]
Gold:   620        SH:  0    Dex: 16    Spells: 11/11 levels left

rFire    . . .     SeeInvis +   F - +3 great mace (antimagic)
rCold    . . .     Gourm    .   (shield currently unavailable)
rNeg     . . .     Faith    .   o - +0 plate armour
rPois    +         Spirit   .   (no helmet)
rElec    .         Reflect  .   x - +0 cloak {rPois}
rCorr    .         Harm     .   V - +1 pair of gloves
MR       .....                  t - +0 pair of boots
Stlth    ..........             (no amulet)
Regen    0.3/turn               K - +4 ring of evasion
MPRegen  0.1/turn               n - ring of see invisible

@: no status effects
A: short attention span, fangs 1, strong nose
a: Berserk, Trog's Hand, Brothers in Arms, Burn Spellbooks, Renounce Religion


You were in an ice cave.
You worshipped Trog.
Trog was extremely pleased with you.
You were not hungry.

You visited 2 branches of the dungeon, and saw 12 of its levels.
You also visited: Bailey and Ice Cave.

You collected 620 gold pieces.

Inventory:

Hand Weapons
 a - a +0 whip of electrocution
 b - a +0 fustibalus
 p - a +0 scimitar of flaming
 z - a +0 blowgun
 F - a +3 antimagic great mace (weapon)
 M - the +7 great mace "Undeadhunter" {disrupt, rN+}
   (You found it on level 5 of the Dungeon)

   It protects you from negative energy.
 W - a +0 arbalest
Missiles
 f - 226 stones (quivered)
 l - 9 curare-tipped needles
 q - 116 sling bullets
 E - 26 poisoned needles
 J - 11 tomahawks
 O - 2 throwing nets
 X - 4 poisoned tomahawks
 Z - 318 bolts
Armour
 o - a +0 plate armour (worn)
 t - a +0 pair of boots (worn)
 w - the +0 robe of Sif Muna's Displeasure {Str+2, unknown}
   (You found it on level 5 of the Dungeon)

   It affects your strength (+2).
 x - a +0 cloak of poison resistance (worn)
 V - a +1 pair of gloves (worn)
 Y - a +2 buckler
Jewellery
 n - a ring of see invisible (right hand)
 A - an uncursed ring of fire
 K - a +4 ring of evasion (left hand)
Wands
 v - a wand of lightning (9/15)
 y - a wand of polymorph (12/24)
 C - a wand of flame (0/48)
 D - a wand of confusion (16/48)
 H - a wand of clouds (1/9)
Scrolls
 h - 10 scrolls of remove curse
 i - a scroll of blinking
 j - 3 scrolls of fear
 k - a scroll of enchant weapon
 I - 5 scrolls of teleportation
 S - 2 scrolls of fog
 U - a scroll of magic mapping
Potions
 e - 7 potions of curing {unknown}
 g - 2 potions of agility
 m - 4 potions of flight
 r - 2 potions of cancellation
 G - 3 potions of might
 L - 2 potions of brilliance
 N - 2 potions of resistance {unknown}
 Q - 6 potions of heal wounds
Books
 B - a book of Minor Magic

   Spells                             Type                      Level
   a - Magic Dart                     Conjuration                  1
   b - Blink                          Translocation                2
   c - Call Imp                       Summoning                    2
   d - Slow                           Hexes                        2
   e - Conjure Flame                  Conjuration/Fire             3
   f - Mephitic Cloud                 Conjuration/Poison/Air       3
   Trog disapproves of the use of such an item.
 R - a book of Maledictions

   Spells                             Type                      Level
   a - Corona                         Hexes                        1
   b - Ensorcelled Hibernation        Hexes/Ice                    2
   c - Confuse                        Hexes                        3
   d - Tukima's Dance                 Hexes                        3
   e - Dazzling Spray                 Conjuration/Hexes            3
   Trog disapproves of the use of such an item.
Miscellaneous
 s - a phial of floods
 u - a sack of spiders
Comestibles
 c - 5 bread rations
 d - 6 chunks of flesh


   Skills:
 + Level 9.5 Fighting
 * Level 10.7 Maces & Flails
 + Level 9.1 Throwing
 + Level 9.3 Armour
 + Level 9.4 Dodging
 + Level 8.3 Evocations


You had 11 spell levels left.
You didn't know any spells.

Dungeon Overview and Level Annotations

Branches:
Dungeon (10/15)            Temple (0/1) D:7            Lair (2/6) D:9
  Swamp: Lair:2-4    Shoals: Lair:2-4     Snake: Lair:2-4    Spider: Lair:2-4
    Orc: D:9-12

Altars:
Ashenzari
Gozag
Hepliaklqana
Kikubaaqudgha
Makhleb
Nemelex Xobeh
Ru
Sif Muna
Wu Jian
Xom
The Shining One

Shops:
D:4 (

Annotations:
Lair:1 exclusion: 2 oklob plants IceCv exclusion: ice statue


Innate Abilities, Weirdness & Mutations

You have a short attention span.
You have very sharp teeth.
Your uncanny sense of smell can sniff out nearby items.


Message History

You bite the ice statue, but do no damage.
The ice statue is almost destroyed.
The ice beast hits you but does no damage.
The ice statue gestures at you. The freezing blast engulfs you!
The ice beast closely misses you.
You thump the ice statue!
The ice statue's magic leaks into the air.
The ice statue is almost destroyed.
You are engulfed in freezing vapours.
* * * LOW HITPOINT WARNING * * *
The ice statue falters for a moment.
The ice beast hits you but does no damage.
You hit the ice statue but do no damage.
You bite the ice statue, but do no damage.
The ice statue is almost destroyed.
You are engulfed in freezing vapours.
* * * LOW HITPOINT WARNING * * *
The ice statue gestures at you. The shard of ice hits you!
You die...

### ##.. ##... ##..#
###.§# ##8§§.### ###
#.§@§§..### ###.#
###Y§.....### #...#####
##........##
###.......#######.......#
#...###.......###.......#
##.###
###........#.....## #..#
##............## #.##
##..........## ##..#
##.#....#.##


You could see an ice statue and an ice beast.

Vanquished Creatures
  A hydra (Lair:1)
  Erica (D:10)
  2 two-headed ogres (D:8)
  Pikel (D:4)
  An orc knight (Bailey)
  Joseph (D:7)
  2 black mambas
  A spiny frog (Lair:1)
  3 komodo dragons (Lair:1)
  3 polar bears (IceCv)
  A hornet (D:9)
  2 hippogriffs
  Grinder (D:3)
  The ghost of oki the Insei, an amateur OpTm of Okawaru (D:3)
  Sigmund (D:3)
  2 basilisks
  Eustachio (D:5)
  9 yaks
  2 wraiths (D:9)
  2 wyverns
  A hungry ghost (D:8)
  4 water moccasins (Lair:1)
  Duvessa (D:5)
  2 porcupines
  8 orc warriors (Bailey)
  10 ice beasts
  2 slaves (D:4)
  A sky beast (D:7)
  A phantom (D:4)
  A tengu (Lair:1)
  A necrophage (D:9)
  5 wolves
  3 centaurs
  2 ogres
  6 bullfrogs
  Dowan (D:5)
  A scorpion (D:6)
  A troll zombie (D:9)
  9 killer bees (D:10)
  4 wights (D:7)
  3 howler monkeys
  An electric eel (Lair:1)
  2 crimson imps
  A human zombie (D:9)
  3 bullfrog skeletons
  2 bullfrog zombies
  2 jellies (D:8)
  3 orc priests
  Crazy Yiuf (D:3)
  A gnoll shaman (D:6)
  3 hounds
  4 orc wizards
  3 centaur skeletons
  Ijyb (D:5)
  Natasha (thrice) (D:2)
  An iguana (D:6)
  2 human skeletons (D:9)
  4 worker ants
  A hound zombie (D:4)
  A hound skeleton (D:6)
  5 mummies (D:9)
  8 gnolls
  12 adders
  2 shadow imps
  An ooze (D:1)
  An adder zombie (D:6)
  2 adder skeletons
  2 worms
  3 dart slugs
  5 leopard geckos
  33 orcs
  7 bats
  12 goblins
  12 jackals
  2 quokkas
  2 ball pythons
  6 frilled lizards
  A jackal zombie (D:6)
  5 kobolds
  2 quokka skeletons
  A quokka zombie (D:9)
  5 rats (D:1)
273 creatures vanquished.

Vanquished Creatures (collateral kills)
  2 polar bears (IceCv)
  A yak (IceCv)
  2 wolves (IceCv)
5 creatures vanquished.

Vanquished Creatures (others)
  A worker ant (D:4)
  An adder (D:4)
2 creatures vanquished.

Grand Total: 280 creatures vanquished

Notes
Turn   | Place    | Note
-------+----------+-------------------------------------------
     0 | D:1      | mopl the Gnoll Berserker began the quest for the Orb.
     0 | D:1      | Reached XP level 1. HP: 20/20 MP: 1/1
    34 | D:1      | Reached skill level 5 in Maces & Flails
   321 | D:1      | Reached XP level 2. HP: 26/26 MP: 2/2
   332 | D:1      | Reached skill level 5 in Fighting
   394 | D:1      | Reached skill level 1 in Throwing
   394 | D:1      | Reached skill level 4 in Dodging
   513 | D:1      | Reached XP level 3. HP: 33/33 MP: 3/3
   829 | D:2      | Noticed Natasha
   840 | D:2      | Killed Natasha
   840 | D:2      | Reached skill level 6 in Maces & Flails
   840 | D:2      | Reached XP level 4. HP: 26/39 MP: 4/4
   995 | D:2      | Noticed Natasha
  1001 | D:2      | Killed Natasha
  1001 | D:2      | Reached skill level 4 in Armour
  1194 | D:2      | Reached ** piety under Trog
  1311 | D:2      | Noticed Natasha
  1320 | D:2      | Killed Natasha
  1320 | D:2      | Reached skill level 6 in Fighting
  1320 | D:2      | Reached skill level 2 in Throwing
  1320 | D:2      | Reached XP level 5. HP: 46/46 MP: 5/5
  1607 | D:3      | Noticed Sigmund
  1621 | D:3      | Killed Sigmund
  1621 | D:3      | Reached skill level 7 in Maces & Flails
  1621 | D:3      | Reached skill level 3 in Throwing
  1621 | D:3      | Reached skill level 5 in Dodging
  1621 | D:3      | Reached XP level 6. HP: 53/53 MP: 6/6
  1744 | D:3      | Noticed Grinder
  1750 | D:3      | Killed Grinder
  1750 | D:3      | Reached skill level 5 in Armour
  1750 | D:3      | Reached XP level 7. HP: 59/59 MP: 7/7
  1823 | D:3      | Noticed oki's ghost (amateur OpTm)
  1872 | D:4      | Reached skill level 4 in Throwing
  1872 | D:4      | Reached skill level 6 in Dodging
  1985 | D:3      | Killed oki's ghost
  1985 | D:3      | Reached skill level 7 in Fighting
  2017 | D:3      | Found a runed door.
  2021 | D:3      | Noticed Crazy Yiuf
  2026 | D:3      | Killed Crazy Yiuf
  2026 | D:3      | Reached skill level 6 in Armour
  2299 | D:4      | Noticed Pikel
  2312 | D:4      | Killed Pikel
  2312 | D:4      | Reached skill level 8 in Maces & Flails
  2312 | D:4      | Reached skill level 5 in Throwing
  2312 | D:4      | Reached XP level 8. HP: 67/67 MP: 8/8
  2500 | D:4      | Reached skill level 6 in Throwing
  2520 | D:4      | Reached skill level 7 in Dodging
  2567 | D:4      | Found Hana's Weapon Shop.
  2602 | D:4      | You fall through a shaft for 3 floors!
  2735 | D:5      | Entered Level 5 of the Dungeon
  2735 | D:5      | Noticed Ijyb
  2759 | D:5      | Killed Ijyb
  2841 | D:6      | Reached skill level 7 in Armour
  2856 | D:5      | Found an ornate altar of the Wu Jian Council.
  2988 | D:5      | Noticed Dowan
  3014 | D:5      | Killed Dowan
  3050 | D:5      | Noticed Duvessa
  3060 | D:5      | Killed Duvessa
  3060 | D:5      | Reached XP level 9. HP: 74/74 MP: 9/9
  3412 | D:5      | Found a burning altar of Makhleb.
  3642 | D:5      | Got a colourful robe
  3688 | D:5      | Noticed Eustachio
  3716 | D:5      | Killed Eustachio
  3716 | D:5      | Reached skill level 9 in Maces & Flails
  3716 | D:5      | Reached skill level 1 in Evocations
  3972 | D:6      | Reached skill level 8 in Fighting
  3978 | D:6      | Reached *** piety under Trog
  3987 | D:6      | Reached skill level 7 in Throwing
  3987 | D:6      | Reached skill level 2 in Evocations
  4455 | D:6      | Found a hazy altar of Hepliaklqana.
  4989 | D:7      | Noticed Joseph
  5005 | D:7      | Killed Joseph
  5005 | D:7      | Reached skill level 3 in Evocations
  5028 | D:7      | Found a shattered altar of Ashenzari.
  5028 | D:7      | Found a deep blue altar of Sif Muna.
  5068 | D:7      | Found a staircase to the Ecumenical Temple.
  5211 | D:7      | Reached skill level 4 in Evocations
  5219 | D:7      | Reached skill level 8 in Dodging
  5482 | D:8      | Reached XP level 10. HP: 82/82 MP: 13/13
  5483 | D:8      | Noticed a two-headed ogre
  5491 | D:8      | Killed a two-headed ogre
  5491 | D:8      | Reached skill level 8 in Armour
  5491 | D:8      | Reached skill level 5 in Evocations
  5515 | D:8      | Found a shimmering altar of Xom.
  5597 | D:8      | Found a flagged portal.
  5598 | D:8      | Found a sacrificial altar of Ru.
  5603 | Bailey   | Entered a bailey
  7034 | Bailey   | Reached **** piety under Trog
  7049 | Bailey   | Noticed an orc knight
  7071 | Bailey   | Received a gift from Trog
  7077 | Bailey   | Killed an orc knight
  7077 | Bailey   | Reached skill level 8 in Throwing
  7543 | D:8      | Found an opulent altar of Gozag.
  7638 | D:8      | Reached skill level 6 in Evocations
  7702 | D:8      | Noticed a two-headed ogre
  7714 | D:8      | Killed a two-headed ogre
  7714 | D:8      | Reached skill level 9 in Fighting
  7714 | D:8      | Reached skill level 10 in Maces & Flails
  7730 | D:8      | Found a sparkling altar of Nemelex Xobeh.
  8009 | D:9      | Found a staircase to the Lair.
  8021 | Lair:1   | Entered Level 1 of the Lair of Beasts
  8248 | D:9      | Reached XP level 11. HP: 89/89 MP: 15/15
  8311 | D:9      | Found an ancient bone altar of Kikubaaqudgha.
  8691 | D:9      | Reached skill level 7 in Evocations
  8806 | D:10     | Entered Level 10 of the Dungeon
  8942 | D:10     | Noticed Erica
  8958 | D:10     | Killed Erica
  9413 | D:10     | Reached skill level 9 in Dodging
  9456 | D:10     | Reached ***** piety under Trog
 10511 | Lair:1   | Reached skill level 9 in Armour
 10537 | Lair:1   | Noticed Sonja
 10540 | Lair:1   | Noticed Sonja
 10540 | Lair:1   | Sonja changed into Sonja the tengu
 10545 | Lair:1   | Killed Sonja the tengu
 10675 | Lair:1   | Noticed an oklob plant
 11303 | Lair:1   | Noticed a four-headed hydra
 11311 | Lair:1   | Killed a four-headed hydra
 11311 | Lair:1   | Reached skill level 8 in Evocations
 11311 | Lair:1   | Reached XP level 12. HP: 62/96 MP: 16/18
 11434 | Lair:1   | Found a glowing golden altar of the Shining One.
 11647 | Lair:2   | Reached skill level 9 in Throwing
 11708 | Lair:2   | Found a frozen archway.
 11741 | Lair:2   | Received a gift from Trog
 11806 | IceCv    | Entered an ice cave
 12273 | IceCv    | Killed from afar by an ice statue

Vault maps used:
D:1:      minmay_arrival_checkered_box, minmay_heptomino_l4
D:2:      uniq_natasha
D:3:      first_bread, uniq_grinder, uniq_crazy_yiuf_cottage, uniq_sigmund
D:4:      serial_shops, kennysheep_mini_moat, uniq_pikel
D:5:      nicolae_overflow_hidden_temple, bloody_makhleb, uniq_duvessa,
          uniq_ijyb, uniq_eustachio
D:6:      overflow_temple_1_default
D:7:      chequers_temple_overflow_statue_of_worship, temple_green, uniq_joseph
D:8:      lemuel_round_altar, old_standard_altar, enter_bailey_3, basic_altar,
          grunt_gozag_statues
D:9:      lemuel_mausoleum_altar_kikubaaqudgha, lair_entry_dummy
D:10:     uniq_erica
Lair:1:   cheibrodos_lair_river_kwai, basic_altar, grunt_megastairs_5,
          serial_bayou_shore_a, minmay_lair_oklob_chamber, lemuel_fruit_fields,
          uniq_sonja
Lair:2:   portal_ice_cave_entry_ice_beasts, st_stairs_11, forest_entry_grove,
          grunt_megastairs_1, infiniplex_staircase_pool
Bailey:   bailey_polearm_2, bailey
IceCv:    ice_cave_small_giant

Skill      XL: |  1  2  3  4  5  6  7  8  9 10 11 12 |
---------------+-------------------------------------+-----
Maces & Flails | 5 6 7 8 9 10 | 10.7
Fighting       | 5 6 7 8 9 |  9.5
Throwing       | 1 2 3 5 6 7 8 9 |  9.1
Dodging        | 4 5 6 7 8 9 |  9.4
Armour         | 4 5 6 7 8 9 |  9.3
Evocations     | 4 6 8 |  8.3

Action                   |  1- 3 |  4- 6 |  7- 9 | 10-12 || total
-------------------------+-------+-------+-------+-------++-------
Melee: Mace              |    83 |    80 |    61 |       ||   224
       Bite              |     7 |     4 |    60 |   121 ||   192
       Quarterstaff      |       |       |     3 |       ||     3
       Whip              |       |       |   298 |   874 ||  1172
       Great mace        |       |       |    43 |    10 ||    53
       Scythe            |       |       |       |     9 ||     9
 Fire: Arbalest          |       |       |       |    17 ||    17
Invok: Berserk           |     2 |     3 |     5 |     6 ||    16
       Trog's Hand       |       |     2 |     1 |     2 ||     5
       Brothers in Arms  |       |       |       |     1 ||     1
Evoke: Wand              |       |       |       |     9 ||     9
  Use: Scroll            |       |       |    10 |    14 ||    24
 Stab: Distracted        |       |       |       |     1 ||     1
  Eat: Chunk             |     1 |     6 |    15 |    25 ||    47
       Fruit             |       |       |     3 |     6 ||     9
Armor: Animal skin       |    15 |       |       |       ||    15
       Plate armour      |       |    53 |   175 |   297 ||   525
Dodge: Dodged            |    73 |    35 |   168 |   554 ||   830
